 Dungeon Crawl Stone Soup version 0.31.0-12-g77e489cdc1 (webtiles) character file.

Game seed: 4642079971481310624

63 hawla the Slasher (level 3, -1/49 HPs)
             Began as a Minotaur Fighter on Feb 19, 2024.
             Slain by an orc
             ... wielding a +0 trident
              (5 damage)
             ... on level 3 of the Dungeon.
             The game lasted 00:02:45 (981 turns).

hawla the Slasher (Minotaur Fighter)                 Turns: 981, Time: 00:02:45

Health: -1/49      AC: 21    Str: 20    XL:     3   Next: 89%
Magic:  2/2        EV:  2    Int:  5    God:
Gold:   127        SH:  4    Dex: 11    Spells: 2/2 levels left

rFire   . . .        a - +1 long sword
rCold   . . .        c - +0 buckler
rNeg    . . .        b - melded +0 scale mail
rPois   +            (helmet unavailable)
rElec   .            (cloak currently unavailable)
rCorr   .            (gloves currently unavailable)
SInv    .            (boots currently unavailable)
Will    .....        (no amulet)
Stlth   +            (no ring)
HPRegen 0.28/turn    (no ring)
MPRegen 0.08/turn

%: no passive effects
@: lethally poisoned (-1 -> -3), tree-form
A: stationary, stasis, torment immunity, boosted hp, (horns 3), (retaliatory
headbutt), wild magic 1
a: no special abilities


You were on level 3 of the Dungeon.
You were a tree.
You visited 1 branch of the dungeon, and saw 3 of its levels.

You collected 127 gold pieces.

Inventory:

Hand Weapons
 a - a +1 long sword (weapon)
Armour
 b - a +0 scale mail (melded)
 c - a +0 buckler (worn)
Jewellery
 f - a ring of magical power
Scrolls
 i - 2 scrolls of amnesia {unknown}
Potions
 d - a potion of might


   Skills:
 - Level 4.0 Fighting
 + Level 4.9 Long Blades
 - Level 3.6 Armour
 - Level 3.6 Shields


You had 2 spell levels left.
You didn't know any spells.
Your spell library was empty.

Dungeon Overview and Level Annotations

Branches:
Dungeon (3/15)

Altars:

Annotations:
D:2 Sigmund


Innate Abilities, Weirdness & Mutations

You are a tree.
Your roots penetrate the ground, keeping you stationary.
You cannot be teleported.
You are immune to unholy pain and torment.
Your maximum health is greatly increased.
Your equipment is partially melded.
((You have a pair of large horns on your head.))
((You reflexively headbutt those who attack you in melee.))
Your spells are a little harder to cast, but a little more powerful.


Message History

You block the kobold's attack. The kobold hits you but does no damage.
The orc hits you from afar with a +0 trident!
The adder barely misses you.
You barely miss the kobold. You headbutt the kobold.
You kill the kobold!
The adder bites you but does no damage.
The orc hits you from afar with a +0 trident.
The kobold hits you but does no damage. The adder bites you.
You are poisoned.
The adder poisons you! The adder closely misses you. You furiously retaliate!
You headbutt the adder. The orc hits you with a +0 trident.
* * * LOW HITPOINT WARNING * * *
The kobold hits you but does no damage.
Things that are here:
a +0 dagger; 3 stones It was a potion of lignification.
You turn into a tree.
Your +0 scale mail melds into your body.
Your roots penetrate the ground.
You feel sick.
The adder bites you but does no damage. x2
The kobold hits you but does no damage. The orc hits you with a +0 trident.
* * * LOW HITPOINT WARNING * * *
The adder bites you but does no damage.
It was a potion of mutation.
You feel extremely strange.
You feel less in control of your magic. The horns on your head grow some more.
You feel sick. The adder bites you but does no damage.
You block the adder's attack. The kobold hits you but does no damage.
The orc hits you but does no damage. The adder bites you but does no damage.
You hit the adder.
The adder is lightly wounded.
You feel sick. You block the adder's attack.
The adder bites you but does no damage. The kobold hits you but does no damage.
The orc hits you but does no damage.
Unknown command.
Unknown command.
You miss the adder.
The adder is lightly wounded.
You feel sick.
The adder bites you but does no damage. x2
The kobold barely misses you. The orc hits you with a +0 trident.
You die...

,,,,,,* *,,,,,,,*,*,****
,,,,,,* *,***##.#.<..,,*
,,,,,,***,***#....#.#*,*
,,,,,,,,*,,,*#.<..#.#*,*
,,*****,*##,*#....#.##,* ,,*
*,,.%.##.......,,*
*********#......#..#####
,,,,,,,,,......SSK.....######
********,......o♣...##.######
* *,,,,,,.......#.#.#..######
* *,,,,,,.####..#.###.#######
***,,,,,,,* ##.#.....#######
,,********* #.......#######
*,,,,** #.#####.#######
****,,**** #.#####.####### **
**,,,,*** #.#####†####### ,*
*,,,,,,,* #.#####.#######


You could see 2 adders, an orc and a kobold.

Vanquished Creatures
  2 adders (D:2)
  3 dart slugs
  4 bats
  7 endoplasms
  A giant cockroach (D:3)
  5 goblins
  3 hobgoblins
  6 kobolds
  A quokka (D:1)
  2 ball pythons (D:1)
  2 frilled lizards (D:1)
  2 rats (D:1)
38 creatures vanquished.

Notes
Turn   | Place    | Note
-------+----------+-------------------------------------------
     0 | D:1      | hawla the Minotaur Fighter began the quest for the Orb.
     0 | D:1      | Reached XP level 1. HP: 19/19 MP: 0/0
   102 | D:1      | Reached XP level 2. HP: 15/27 MP: 1/1
   439 | D:1      | Reached XP level 3. HP: 30/33 MP: 2/2
   889 | D:2      | Noticed Sigmund
   979 | D:3      | Gained mutation: Your spells are a little harder to cast,
                  | but a little more powerful. [potion of mutation]
   979 | D:3      | Gained mutation: You have a pair of large horns on your
                  | head. [potion of mutation]
   981 | D:3      | Slain by an orc

Illustrated notes

Levels and vault maps discovered:
D:1:      ebering_trefoil_twist, layout_rooms, grunt_decor_resistance,
          minmay_tromino_v4_a
D:2:      layout_basic, kennysheep_minor_cross, uniq_sigmund, uniq_terence
D:3:      kennysheep_the_goblin_king, layout_basic, gup_sewer_entry_spiral

Skill      XL: |  1  2 |
---------------+-------+-----
Fighting       | 4 |  4.0
Long Blades    | 3 4 |  4.9
Armour         | |  3.6
Shields        | |  3.6

Action                     || total
---------------------------++-------
  Melee: Long sword        ||    88
         Headbutt          ||    10
         Unarmed           ||    15
    Use: Scroll            ||     5
         Potion            ||     2
 Armour: Scale mail        ||    67
         Skin              ||    21
  Dodge: Dodged            ||    40
  Block: Buckler           ||    26
